 Dungeon Crawl Stone Soup version 0.28-a0-1429-gf3d713df7a (webtiles) character file.

Game seed: 4970146643353130195

7 anonymouscript the Magician (level 1, -1/13 HPs)
             Began as a Demonspawn Hedge Wizard on Jan 9, 2022.
             Killed from afar by a dart slug (4 damage)
             ... with a slug dart
             ... on level 1 of the Dungeon.
             The game lasted 00:01:23 (479 turns).

anonymouscript the Magician (DsWz)                   Turns: 479, Time: 00:01:24

Health: -1/13      AC:  2    Str: 10    XL:     1   Next: 91%
Magic:  0/4        EV: 12    Int: 15    God:
Gold:   24         SH:  0    Dex: 12    Spells: 4/6 levels left

rFire   . . .      SeeInvis .   a - +0 dagger
rCold   . . .      Faith    .   (no shield)
rNeg    . . .      Spirit   .   b - +0 robe
rPois   .          Reflect  .   c - +0 hat
rElec   .          Harm     .   (no cloak)
rCorr   .          Rampage  .   (no gloves)
Will    .....                   (no boots)
Stlth   ++........              (no amulet)
HPRegen 0.04/turn               (no ring)
MPRegen 0.09/turn               (no ring)

@: no status effects
A: no striking features
a: no special abilities


You were on level 1 of the Dungeon.
You visited 1 branch of the dungeon, and saw 2 of its levels.

You collected 24 gold pieces.

Inventory:

Hand Weapons
 a - a +0 dagger (weapon)
Armour
 b - a +0 robe (worn)
 c - a +0 hat (worn)
Scrolls
 d - a scroll of fear {unknown}


   Skills:
 + Level 2.1 Dodging
 + Level 1.7 Stealth
 + Level 3.2 Spellcasting
 + Level 1.0 Conjurations
 + Level 1.0 Summonings
 + Level 0.8 Translocations


You had 4 spell levels left.
You knew the following spells:

 Your Spells              Type           Power      Damage    Failure   Level
a - Magic Dart            Conj           20%        1d4       13%         1
b - Slow                  Hex            8%         N/A       21%         1

Your spell library contained the following spells:

 Spells                   Type           Power      Damage    Failure   Level
 Blink                    Tloc           10%        N/A       21%         2
 Call Imp                 Summ           5%         N/A       21%         2
 Passwall                 Tmut/Erth      1%         N/A       30%         2
 Conjure Flame            Conj/Fire      3%         6-21      43%         3
 Mephitic Cloud           Conj/Pois/Air  3%         N/A       45%         3
 Swiftness                Air            2%         N/A       52%         3


Dungeon Overview and Level Annotations

Branches:
Dungeon (2/15)

Altars:


Message History

Aim: a dart slug (asleep, 100% to hit)
You miscast Magic Dart.
You are very lightly contaminated with residual magic.
Nothing appears to happen.
The kobold shouts!
The kobold throws a stone.
The stone hits you.
Aiming: Magic Dart (safe; 13% risk of failure)
Press: ? - help, Q - select action, (/) - cycle Shift-Dir - straight line, f/p - dart slug
Aim: a dart slug (wandering, hasn't noticed you, 100% to hit)
The magic dart hits the dart slug.
The dart slug is moderately wounded.
Aiming: Magic Dart (safe; 13% risk of failure)
Press: ? - help, Q - select action, (/) - cycle Shift-Dir - straight line, f/p - dart slug
Aim: a dart slug (moderately wounded, 100% to hit)
The magic dart hits the dart slug.
The dart slug is heavily wounded.
You hit the dart slug but do no damage.
The dart slug is heavily wounded.
Aiming: Magic Dart (safe; 13% risk of failure)
Press: ? - help, Q - select action, (/) - cycle Shift-Dir - straight line, f/p - dart slug
Aim: a dart slug (heavily wounded, 100% to hit)
The magic dart hits the dart slug but does no damage.
The dart slug is heavily wounded.
The dart slug barely misses you.
You don't have enough magic to cast this spell.
Unknown command.
You completely miss the kobold. The kobold hits you with a +0 dagger.
The dart slug launches a dart at you. The slug dart hits you.
The kobold hits you with a +0 dagger.
* * * LOW HITPOINT WARNING * * *
Your magical contamination has completely faded away.
You climb upwards.
There is a stone staircase leading down here.
You hit the dart slug.
The dart slug is almost dead.
The kobold completely misses you. The dart slug launches a dart at you.
The slug dart hits you.
You die...

#.##...###.##.##.#.##..
# #.##.#..##.###..# .##
...##.......# # . .
#.########.#### .. #
..........# ####......#
#......# #..K...#
#...@w.# #.###### ...
#.### #


You could see a dart slug and a kobold.

Vanquished Creatures
  A dart slug (D:1)
  A hobgoblin (D:1)
  A quokka (D:1)
  2 frilled lizards (D:1)
  A rat (D:1)
6 creatures vanquished.

Notes
Turn   | Place    | Note
-------+----------+-------------------------------------------
     0 | D:1      | anonymouscript the Demonspawn Hedge Wizard began the quest
                  | for the Orb.
     0 | D:1      | Reached XP level 1. HP: 13/13 MP: 4/4
    11 | D:1      | Learned a level 1 spell: Slow
   479 | D:1      | Killed from afar by a dart slug

Illustrated notes

Levels and vault maps discovered:
D:1:      onia_arrival_mini_spirals, layout_loops_cross,
          shapermc_ecumenical_altar_acropolis
D:2:      cheibrodos_old_hovel, layout_basic, basic_altar,
          hangedman_decor_diamond_cutter, kennysheep_generic_room_8

Skill      XL: |  1 |
---------------+----+-----
Dodging        | 2 |  2.1
Stealth        | |  1.7
Spellcasting   | |  3.2
Conjurations   | |  1.0
Summonings     | |  1.0
Translocations | |  0.8

Action                   || total
-------------------------++-------
Melee: Dagger            ||    19
 Cast: Magic Dart        ||    10
       Slow              ||     1
Armor: Robe              ||     5
Dodge: Dodged            ||    12

Table legend: (Time is in decaauts)
 A = Elapsed time spent in this place.
 B = Non-inter-level travel time spent in this place.
 C = Inter-level travel time spent in this place.
 D = Time resting spent in this place.
 E = Time spent auto-exploring this place.
 F = Levels seen in this place.
 G = Mean time per level.
                   A        B        C        D        E       F      G
               +--------+--------+--------+--------+--------+-----+--------+
         Total |    479 |    479 |      0 |      0 |    385 |   2 |  239.5 |
       Dungeon |    479 |    479 |      0 |      0 |    385 |   2 |  239.5 |
               +--------+--------+--------+--------+--------+-----+--------+

Top non-repeatable levels by time:
     D:1: 471 daAuts
     D:2: 7 daAuts
